Map: Lost and Found LE

Players

Spazymazy

  • Race: Zerg Zerg
  • Spawn Location: 1:00

InZaNe - Winner!

  • Race: Terran Terran
  • Spawn Location: 7:00

Event: WCS Valencia 2018

VOD

Have the link to the VOD?

Description

Time

  • Played on: July 12, 2018, 6:38 a.m.
  • Length: 11:53

All games in this series

Show
View Real Time Build Order
Export as new Build Order

Spazymazy Zerg 

Build Orders: Hatch First, Muta Ling Bane 

Get SALT Encoding   

  12  0:01  Drone  
  13  0:12  Overlord  
  13  0:16  Drone  
  14  0:30  Drone  
  14  0:31  Drone  
  14  0:34  Drone  
  17  0:52  Hatchery  
  17  0:55  Drone  
  17  1:08  Spawning Pool  
  16  1:11  Drone  
  16  1:14  Extractor  
  16  1:17  Drone  
  17  1:21  Drone  
  18  1:28  Drone  
  19  1:38  Overlord  
  19  1:49  Drone  
  20  1:57  Queen  
  20  2:00  Zergling x2  
  23  2:03  Queen  
  23  2:04  Zergling x2  
  26  2:16  Metabolic Boost  
  26  2:17  Overlord  
  26  2:18  Drone  
  27  2:25  Zergling x2  
  28  2:33  Queen  
  28  2:36  Drone x2  
  32  2:42  Queen  
  32  2:43  Drone  
  34  2:46  Drone  
  34  2:48  Drone  
  36  2:55  Drone  
  36  3:06  Hatchery  
  36  3:12  Overlord  
  35  3:13  Drone x2  
  35  3:14  Drone  
  35  3:16  Drone  
  35  3:18  Drone  
  41  3:27  Zergling x8  
  44  3:36  Drone  
  44  3:37  Drone  
  44  3:38  Extractor  
  44  3:39  Extractor  
  43  3:43  Drone x3  
  43  3:46  Spore Crawler  
  45  3:50  Drone x3  
  45  3:51  Drone  
  45  3:54  Drone  
  51  3:56  Extractor  
  51  4:01  Drone x2  
  52  4:07  Lair  
  52  4:11  Overlord x2  
  52  4:18  Overlord  
  52  4:20  Queen  
  52  4:21  Drone x2  
  52  4:23  Drone  
  57  4:25  Zergling x2  
  58  4:33  Drone  
  58  4:34  Baneling Nest, Drone  
  58  4:35  Zergling x2  
  58  4:36  Zergling x2  
  60  4:39  Zergling x2  
  60  4:40  Zergling x2  
  62  4:48  Zergling x2  
  62  4:49  Zergling x6  
  66  4:55  Zergling x8  
  70  5:03  Drone x2  
  70  5:06  Spire  
  72  5:07  Overlord  
  72  5:13  Drone  
  72  5:14  Drone x4  
  77  5:16  Extractor  
  77  5:20  Drone x3  
  79  5:24  Overlord  
  79  5:27  Overlord  
  79  5:41  Drone x3  
  82  5:44  Extractor  
  82  5:49  Zergling x8  
  86  5:50  Zergling x12  
  86  5:53  Overlord x2  
  84  6:19  Mutalisk  
  84  6:20  Mutalisk x9  
  104  6:32  Mutalisk x4  
  104  6:39  Mutalisk  
  110  6:45  Drone  
  110  6:46  Drone x2  
  113  6:55  Drone x4  
  113  7:00  Baneling Nest, Drone  
  117  7:01  Evolution Chamber  
  117  7:02  Infestation Pit, Drone x3  
  117  7:06  Hatchery  
  117  7:12  Drone x2  
  117  7:13  Drone  
  117  7:15  Drone x2  
  122  7:22  Overlord  
  122  7:23  Overlord  
  122  7:29  Overlord x2  
  122  7:32  Overlord  
  120  7:48  Zergling x2  
  120  7:49  Zergling x20  
  120  7:54  Hive  
  120  8:02  Mutalisk x3  
  120  8:05  Centrifical Hooks  
  126  8:06  Zerg Flyer Weapons Level 1  
  126  8:08  Zergling x6  
  126  8:09  Zergling x4  
  126  8:10  Baneling x9  
  131  8:17  Mutalisk x3  
  137  8:26  Mutalisk  
  137  8:27  Mutalisk x2  
  135  8:31  Queen  
  135  8:32  Drone x2  
  145  8:35  Drone x3  
  145  8:36  Drone x2  
  145  8:39  Drone x2  
  152  8:45  Overlord x2  
  152  8:48  Baneling x2  
  152  8:49  Baneling x2  
  152  8:51  Overlord x2  
  152  8:54  Extractor, Mutalisk  
  153  9:04  Zergling x8  
  153  9:05  Zergling x14  
  164  9:10  Ultralisk Cavern  
  162  9:23  Zerg Melee Weapons Level 1  
  154  9:29  Mutalisk x3  
  159  9:31  Zergling x2  
  159  9:32  Zergling x22  
  163  9:57  Ultralisk x3  
  163  9:59  Zergling x20  
  191  10:01  Overlord x2  
  191  10:10  Overlord x2  
  191  10:13  Baneling  
  191  10:14  Baneling x5  
  147  10:31  Zergling x8, Ultralisk x2  
  147  10:32  Zergling x8  
  157  10:47  Mutalisk x2  
  151  11:03  Zergling x2  
  151  11:04  Zergling x26  
  159  11:07  Hatchery  
  162  11:11  Drone x2  
  162  11:13  Drone x3  
  167  11:22  Baneling x7  
  166  11:30  Baneling  
  166  11:31  Baneling x10  
Show
View Real Time Build Order
Export as new Build Order

InZaNe Terran - Winner!

Build Orders: Hellion Opening, Reaper Expand, Bio Mine 

Get SALT Encoding   

  12  0:00  SCV  
  13  0:13  SCV  
  14  0:16  Supply Depot  
  14  0:25  SCV  
  15  0:38  SCV  
  15  0:39  Barracks  
  16  0:43  Refinery  
  16  0:50  SCV  
  17  1:02  SCV  
  18  1:14  SCV  
  19  1:27  Reaper  
  19  1:28  Orbital Command  
  20  1:39  Command Center  
  20  1:51  Supply Depot  
  20  1:54  SCV  
  20  1:59  Marine  
  22  2:06  SCV  
  23  2:15  Factory  
  23  2:19  SCV  
  23  2:21  Barracks Reactor  
  24  2:30  Engineering Bay  
  24  2:31  SCV  
  24  2:50  Command Center  
  24  2:51  SCV  
  24  2:56  Orbital Command  
  25  3:03  SCV  
  26  3:10  Barracks Tech Lab, Hellion x2  
  30  3:16  SCV  
  31  3:23  SCV  
  32  3:28  SCV, Marine  
  32  3:29  Stimpack  
  32  3:34  Hellion x2  
  36  3:35  SCV  
  36  3:40  SCV  
  40  3:47  SCV  
  40  3:48  Marine  
  41  3:52  SCV  
  42  3:56  Hellion x2  
  42  4:01  SCV  
  42  4:02  Orbital Command  
  47  4:04  SCV  
  47  4:08  Supply Depot  
  48  4:11  Marine  
  48  4:13  SCV  
  48  4:16  SCV  
  51  4:20  Hellion x2  
  51  4:22  Refinery  
  55  4:25  SCV  
  55  4:28  SCV  
  55  4:30  SCV  
  58  4:32  Engineering Bay x2  
  58  4:33  Supply Depot  
  58  4:38  SCV  
  59  4:39  Marine  
  59  4:40  SCV  
  59  4:43  SCV  
  59  4:44  Barracks  
  62  4:50  SCV  
  62  4:51  Factory Reactor  
  62  4:52  SCV, Barracks  
  64  4:55  SCV  
  64  4:57  Marine  
  64  4:58  Refinery  
  64  4:59  Refinery  
  66  5:02  SCV  
  66  5:03  Bunker  
  66  5:04  Terran Infantry Weapons Level 1  
  66  5:06  Terran Infantry Armor Level 1  
  67  5:08  SCV x2  
  70  5:15  Marine  
  70  5:17  Supply Depot  
  70  5:18  Orbital Command  
  70  5:20  Supply Depot, SCV  
  72  5:27  SCV  
  72  5:28  Barracks  
  72  5:29  Barracks  
  72  5:32  SCV, Marine  
  72  5:35  Combat Shields, Marine x2  
  76  5:36  Factory Reactor  
  76  5:40  Starport  
  76  5:44  SCV x3  
  79  5:50  Marine  
  79  5:52  Marine x2  
  79  5:55  Supply Depot, Marine  
  79  5:56  SCV x2, Marine  
  79  5:57  SCV  
  87  6:08  Supply Depot, SCV  
  87  6:09  Supply Depot, SCV  
  87  6:14  Marine x3  
  87  6:15  Marine x3  
  89  6:23  Marine  
  88  6:29  Factory Tech Lab  
  88  6:30  Medivac x2  
  88  6:32  Factory Reactor, Marine x3  
  93  6:33  Marine  
  93  6:35  Barracks Reactor x2  
  93  6:36  SCV x2  
  93  6:38  Supply Depot, SCV  
  93  6:39  Supply Depot  
  95  6:40  Supply Depot  
  95  6:41  Armory  
  95  6:46  Marine  
  96  6:48  SCV x2  
  96  6:50  SCV  
  96  6:51  Marine  
  96  6:52  Marine x2  
  96  6:54  Supply Depot x2  
  102  6:56  Marine  
  102  7:00  SCV x2, Medivac x2  
  109  7:02  SCV  
  109  7:04  Marine  
  111  7:10  Refinery  
  111  7:12  SCV x2, Refinery  
  111  7:13  Widow Mine, Marine  
  111  7:14  Widow Mine, SCV, Marine x6  
  123  7:23  Missile Turret  
  123  7:24  SCV x2, Missile Turret  
  123  7:27  Marine  
  119  7:31  Marine  
  119  7:32  Missile Turret  
  119  7:34  Marine  
  119  7:35  Marine  
  119  7:36  Marine x2  
  120  7:38  Widow Mine x2  
  120  7:40  Missile Turret  
  123  7:45  Marine x3  
  122  7:54  Marine x5  
  127  8:01  Widow Mine, Missile Turret  
  127  8:05  SCV x2  
  132  8:08  Terran Vehicle Weapons Level 1  
  131  8:15  Marine  
  131  8:16  Widow Mine, Medivac x2  
  131  8:17  Factory  
  138  8:22  Marine x5  
  138  8:25  Widow Mine  
  138  8:27  Marine  
  143  8:28  Marine x2  
  143  8:33  Supply Depot  
  146  8:34  Supply Depot  
  146  8:39  Terran Infantry Weapons Level 2, Terran Infantry Armor Level 2  
  146  8:42  Widow Mine  
  148  9:01  Factory Tech Lab  
  147  9:02  Marine  
  147  9:03  Marine x8  
  147  9:04  Widow Mine, Command Center  
  147  9:05  Widow Mine  
  147  9:08  Medivac  
  147  9:09  Medivac  
  164  9:21  Thor  
  164  9:22  Marine x6  
  166  9:25  Marine  
  164  9:37  Widow Mine x2, Marauder  
  164  9:38  Supply Depot  
  170  9:39  Drilling Claws  
  170  9:43  Medivac x2  
  170  9:45  Marine x2  
  173  9:57  Marine x5  
  173  9:59  Marauder  
  180  10:09  Thor, Marine x3  
  180  10:10  Widow Mine x2  
  193  10:14  Marine x4  
  193  10:15  Marine  
  193  10:19  Marine  
  193  10:26  Liberator x2, Marine  
  193  10:27  Marine x2  
  173  10:32  Marine x4  
  173  10:33  Marine  
  175  10:36  Widow Mine x2  
  175  10:38  Marauder  
  175  10:54  Starport  
  175  10:56  Thor  
  175  10:59  Marauder  
  175  11:00  SCV x2  
  175  11:01  SCV  
  175  11:02  Planetary Fortress  
  180  11:05  Barracks  
  180  11:06  Barracks  
  180  11:12  SCV x2  
  180  11:13  SCV  
  183  11:37  SCV  
  176  11:46  Missile Turret  
  164  11:48  Missile Turret  
Tags
 
Add a new tag
Caveats
  • Supply blocks, unpowered buildings, or Contaminate may cause inaccurate times.
  • Supply counts are checked every 10 seconds.